 Dungeon Crawl Stone Soup version 0.21-a0-538-gd16b88a (webtiles) character file.

648570 Ketzopolo the Conqueror (level 27, 0/218 HPs)
             Began as a Minotaur Berserker on Dec 15, 2017.
             Was a High Priest of Trog.
             Slain by a seraph
             ... wielding a +5 great sword of flaming
              (2 damage)
             ... on level 14 of the Dungeon.
             The game lasted 04:46:18 (72030 turns).

Ketzopolo the Conqueror (Minotaur Berserker)       Turns: 72030, Time: 04:46:20

Health: 0/218      AC: 50    Str: 28      XL:     27
Magic:  18/22      EV: 21    Int:  5 (6)  God:    Trog [*****.]
Gold:   4216       SH:  0    Dex: 17      Spells: 26/26 levels left

rFire    + + +     SeeInvis .   a - +8 frozen axe "Frostbite" {freezing cloud, *Noise +Fly rC+}
rCold    + . .     Gourm    .   (shield currently unavailable)
rNeg     + + .     Faith    .   N - +14 crystal plate armour
rPois    +         Spirit   .   D - +2 hat
rElec    +         Reflect  .   C - +2 cloak {MR+}
rCorr    .         Harm     .   Z - +0 pair of gloves of Qazlal's Scorn {rN+ Stlth+}
MR       +++++     Clarity  +   r - +2 pair of boots "Hopnaatza" {Int+4 Dex+2} Stlth ..........Rnd*Tele +
                                Q - amulet of the Four Winds {rN+ MR+++ Clar}
HPRegen  1.46/turn              y - ring "Losuag" {rPois rF+++ MR+ Int+2 Dex-3}
MPRegen  0.18/turn              i - ring "Iffa" {*Drain rElec Dex+5 Stlth-}

@: about to teleport, regenerating, glowing
A: retaliatory headbutt, hooves 1, horns 2, blurry vision 2, clumsy 1, deformed
body, deterioration 2, dopey 2, fire resistance 1, frail 2, magic resistance 1,
teleportitis 1, weak 1, no potion heal 1, subdued magic 1, MP-powered wands
0: Orb of Zot
}: 3/15 runes: decaying, serpentine, silver
a: Berserk, Trog's Hand, Brothers in Arms, Burn Spellbooks, Renounce Religion,
Evoke Flight


You were on level 14 of the Dungeon.
You worshipped Trog.
Trog was extremely pleased with you.
You were hungry.

You visited 10 branches of the dungeon, and saw 50 of its levels.
You also visited: Volcano.

You collected 6837 gold pieces.
You spent 2621 gold pieces at shops.

Inventory:

Hand Weapons
 a - the +8 frozen axe "Frostbite" (weapon) {freezing cloud, *Noise +Fly rC+}
   (Trog gifted it to you on level 5 of the Depths)

   It has been specially enchanted to freeze those struck by it, causing extra
   injury to most foes and up to half again as much damage against particularly
   susceptible opponents.
   It can also slow down cold-blooded creatures.
   It protects you from cold.
   It lets you fly.
   It may make noises in combat.
 b - a +8 battleaxe of flaming
Missiles
 A - 4 javelins of penetration
 G - 7 silver javelins
 R - 23 poisoned javelins
 V - 20 javelins of returning
 X - 13 steel javelins (quivered)
Armour
 r - the +2 pair of boots "Hopnaatza" (worn) {Int+4 Dex+2}
   (You acquired it on level 10 of the Dungeon)

   It affects your intelligence (+4).
   It affects your dexterity (+2).
 C - a +2 cloak of magic resistance (worn)
 D - a +2 hat (worn)
 N - a +14 crystal plate armour (worn)
 Z - the +0 pair of gloves of Qazlal's Scorn (worn) {rN+ Stlth+}
   (You acquired it on level 3 of the Depths)

   It protects you from negative energy.
   It makes you more stealthy.
Jewellery
 i - the ring "Iffa" (right hand) {*Drain rElec Dex+5 Stlth-}
   (You took it off a vault warden on level 5 of the Vaults)

   [ring of loudness]

   It affects your dexterity (+5).
   It insulates you from electricity.
   It causes draining when unequipped.
   It makes you less stealthy.
 y - the ring "Losuag" (left hand) {rPois rF+++ MR+ Int+2 Dex-3}
   (You took it off a deep elf high priest on level 5 of the Vaults)

   [ring of protection from magic]

   It affects your intelligence (+2).
   It affects your dexterity (-3).
   It renders you almost immune to fire.
   It protects you from poison.
   It affects your resistance to hostile enchantments.
 F - an uncursed ring of see invisible
 Q - the amulet of the Four Winds (around neck) {rN+ MR+++ Clar}
   (You found it on level 5 of the Vaults)

   [amulet of nothing]

   It protects you from negative energy.
   It affects your resistance to hostile enchantments.
   It protects you against confusion.
Wands
 m - a wand of iceblast (25)
 s - a wand of digging (18)
 w - a wand of acid (18)
Scrolls
 j - 2 scrolls of holy word
 l - 3 scrolls of magic mapping
 n - a scroll of silence
 o - 33 scrolls of remove curse
 t - 28 scrolls of teleportation
 x - 2 scrolls of fear
 K - 3 scrolls of fog
 L - 9 scrolls of identify
 O - 4 scrolls of enchant armour
 T - 3 scrolls of immolation
 Y - 6 scrolls of blinking
Potions
 d - 5 potions of agility
 f - a potion of haste
 k - 5 potions of flight
 p - 11 potions of cancellation
 u - 6 potions of invisibility
 v - 13 potions of curing
 z - 3 potions of ambrosia
 U - 5 potions of might
Miscellaneous
 q - a phantom mirror
 B - a phial of floods
 M - a lamp of fire
 P - a fan of gales
Comestibles
 c - 13 bread rations
 g - 21 royal jellies
 J - 6 meat rations


   Skills:
 O Level 27 Fighting
 O Level 27 Axes
 - Level 16.0 Throwing
 O Level 27 Armour
 + Level 23.3 Dodging


You had 26 spell levels left.
You didn't know any spells.

Dungeon Overview and Level Annotations

Branches:
Dungeon (15/15)            Temple (1/1) D:4            Lair (6/6) D:9
  Swamp (4/4) Lair:4        Snake (4/4) Lair:4        Slime (0/5) Lair:6
    Orc (2/2) D:9             Elf (3/3) Orc:2        Vaults (5/5) D:14
  Crypt (0/3) Vaults:2     Depths (5/5) D:15            Zot (5/5) Depths:5

Altars:
Ashenzari
Cheibriados
Dithmenos
Elyvilon
Fedhas
Gozag
Hepliaklqana
Kikubaaqudgha
Makhleb
Nemelex Xobeh
Okawaru
Qazlal
Ru
Sif Muna
Trog
Uskayaw
Vehumet
Wu Jian
Xom
Yredelemnul
Zin
The Shining One
Jiyva
Lugonu

Shops:
D:12 ?   D:15 ?   Orc:1 *   Orc:2 [%*?[(}?   Elf:1 %   Elf:3 =   Snake:2 *
Vaults:5 !

Portals:
Hell: Depths:1 Depths:2 Depths:3 Depths:4 Depths:5
Abyss: Depths:1 Depths:2 Depths:3
Pandemonium: Orc:2 Depths:1 Depths:2 Depths:3
Ziggurat: Depths:2


Innate Abilities, Weirdness & Mutations

You reflexively headbutt those who attack you in melee.
You have a pair of horns on your head.
You have large cloven feet.
Scrolls take you longer to read.
You are clumsy. (Dex -2)
Armour fits poorly on your strangely shaped body.
Your body often deteriorates upon taking damage.
You are very dopey. (Int -4)
Your flesh is heat resistant. (rF+)
You are very frail. (-20% HP)
You are resistant to hostile enchantments. (MR+)
You are occasionally teleported next to monsters.
You are weak. (Str -2)
Potions are less effective at restoring your health.
Your spells are a little easier to cast, but a little less powerful.
You expend magic power (3 MP) to strengthen your wands.


Message History

The seraph hits you with a great sword of flaming.
* * * LOW HITPOINT WARNING * * *
The seraph hits you with a great sword of flaming!
* * * LOW HITPOINT WARNING * * *
The seraph burns you.
* * * LOW HITPOINT WARNING * * *
Your system partially rejects the healing.
You feel much better.
The seraph gestures.
The seraph begins to accept its allies' injuries.
The daeva calls down the wrath of the Shining One upon you.
The Shining One smites you!
* * * LOW HITPOINT WARNING * * *
Your system partially rejects the healing.
You feel better.
The seraph hits you with a great sword of flaming!!
* * * LOW HITPOINT WARNING * * *
Your body deteriorates!
You feel dopey. The seraph burns you.
You die...

##########.#......!..#
#.#.......
...........#.........#
#.######'#
############.........#
#.# #.# #........A#
#.# #.#
#########A###.######.#
##A#.A..........
##A##A...........
##A###............
#@## #..........[.
#.## #......A..... #.#
#.....A...... #.#
#.....(...... ##
#..........(.
####.......(....
##......(.(......
##.≈≈≈≈.....≈≈≈≈.#
##.≈≈≈≈≈≈...≈≈≈≈≈≈.


You could see a seraph, a daeva, an angel and 2 cherubim.

Vanquished Creatures
  17 orbs of fire
  Mennas (Depths:5)
  2 juggernauts (Depths:4)
  An ancient lich (Vaults:5)
  Sojobo (Depths:5)
  the Lernaean hydra (Swamp:4)
  7 curse toes
  A caustic shrike (Depths:2)
  6 Killer Klowns
  Nikola (Vaults:2)
  9 golden dragons
  A bone dragon (Depths:5)
  Jorgrun (Depths:5)
  3 electric golems
  6 liches
  Rupert (D:14)
  10 tentacled monstrosities
  The ghost of Nattefrost the Warrior, an adept OgBe of Trog (Swamp:4)
  8 quicksilver dragons
  A deep elf blademaster (Elf:2)
  23 Orb Guardians (Zot:5)
  2 titans
  The ghost of Regeox the Severer, an adept HOFi of Okawaru (Elf:2)
  The ghost of melvinkitnick the Severer, an adept HOFi of Makhleb (Swamp:4)
  12 death cobs
  6 sphinxes
  Gastronok (D:8)
  Kirke (Swamp:1)
  14 shadow dragons
  2 thorn hunters
  Agnes (D:14)
  6 tengu reavers
  A draconian monk (Zot:2)
  15 storm dragons
  8 nagarajas
  An azure jelly (Lair:6)
  7 fire giants
  8 draconian scorchers
  3 deep elf sorcerers
  7 frost giants
  An orc warlord (Elf:1)
  2 iron dragons
  Louise (Depths:2)
  A caustic shrike zombie (Depths:1)
  2 ghost moths
  3 draconian knights
  19 vault wardens
  4 draconian stormcallers
  A cacodemon (Depths:3)
  A juggernaut zombie (Depths:1)
  2 deep elf elementalists
  4 draconian shifters
  3 draconian annihilators
  16 ironheart preservers
  A juggernaut skeleton (Depths:1)
  An entropy weaver (Vaults:4)
  25 stone giants
  A caustic shrike skeleton (Depths:1)
  21 very ugly things
  2 war gargoyles (Vaults:5)
  2 vampire knights (Depths:5)
  10 green draconians
  The ghost of RexLacerta the Imperceptible, a journeyman SpAs of Dithmenos (Snake:2)
  8 red draconians
  9 purple draconians
  A lorocyproca (Zot:2)
  3 deep elf demonologists
  6 white draconians
  10 deep elf annihilators
  8 yellow draconians
  13 black draconians
  6 deep elf death magi
  A spark wasp (Depths:4)
  2 green deaths (Swamp:4)
  8 fire dragons
  A merfolk javelineer (Depths:4)
  18 ettins
  A blizzard demon (Depths:2)
  7 great orbs of eyes
  18 naga warriors
  5 deep elf high priests
  Fannar (Lair:1)
  19 yaktaur captains
  6 rakshasas
  36 vault guards
  12 hydras
  3 ghost crabs
  10 ice dragons
  A hell beast (Depths:1)
  Erica (D:10)
  7 anacondas
  2 death knights
  A catoblepas (Lair:2)
  3 spriggan air magi
  The ghost of brew9 the Severer, a novice HOBe of Trog (D:7)
  14 ogre magi
  39 two-headed ogres
  9 centaur warriors
  5 alligators
  7 tengu warriors
  6 deep troll shamans
  5 orc high priests
  7 deep troll earth magi
  23 dancing weapons
  5 shock serpents
  A thrashing horror (Swamp:4)
  18 naga sharpshooters
  3 vampire magi
  18 deep elf knights
  8 spriggan berserkers
  9 skeletal warriors
  A soul eater (Zot:5)
  A titan skeleton (Vaults:4)
  11 hell knights
  A shadow wraith (Vaults:5)
  A sixfirhy (Depths:2)
  The ghost of Daviar the Fighter, a novice OgMo (D:5)
  5 iron trolls
  34 deep trolls
  14 sea snakes
  2 gelid demonspawn
  6 wizards
  A spark wasp zombie (Depths:1)
  5 glowing orange brains
  5 flayed ghosts
  A glowing orange brain (shapeshifter) (Depths:2)
  4 unseen horrors
  13 deep elf archers
  3 swamp dragons
  5 necromancers
  16 ironbrand convokers
  2 naga ritualists
  Pikel (D:7)
  A harpy (shapeshifter) (Depths:2)
  2 phantasmal warriors (Vaults:5)
  3 shambling mangroves
  17 orc knights
  57 deep elf magi
  3 harpies
  A wolf spider (shapeshifter) (Vaults:5)
  8 orc sorcerers
  2 wolf spider zombies (D:15)
  An orb spider (shapeshifter) (Vaults:1)
  19 salamanders
  5 cyclopes
  7 mana vipers
  A shining eye (shapeshifter) (Vaults:5)
  40 ugly things
  A stone giant zombie (D:15)
  22 moths of wrath
  11 elephants
  2 manticores (D:11)
  2 centaur zombies
  29 black mambas
  2 rust devils
  A black mamba (shapeshifter) (Vaults:2)
  12 guardian serpents
  A guardian serpent (shapeshifter) (Depths:1)
  26 naga magi
  A spiny frog (shapeshifter) (D:14)
  A gargoyle (D:14)
  14 vault sentinels
  A fire giant skeleton (D:15)
  A torpor snail (Lair:3)
  3 orange demons
  A komodo dragon (shapeshifter) (Depths:3)
  31 spiny frogs
  5 freezing wraiths
  A rime drake (shapeshifter) (D:15)
  A spriggan zombie (D:15)
  2 yaktaurs (shapeshifter) (D:13)
  A tengu conjurer (D:14)
  53 yaktaurs
  3 hellwings
  2 human skeletons (Vaults:4)
  2 red devils
  13 komodo dragons
  3 meliai (D:14)
  7 trolls
  A jumping spider (shapeshifter) (Depths:4)
  8 tyrant leeches
  43 slime creatures
  A wolf spider simulacrum (D:15)
  A troll (shapeshifter) (Vaults:1)
  A wind drake (shapeshifter) (Depths:1)
  A hornet (shapeshifter) (Vaults:1)
  14 hornets
  Prince Ribbit (D:7)
  A sphinx simulacrum (Depths:1)
  A harpy skeleton (D:15)
  18 blink frogs
  16 dream sheep
  6 hippogriffs
  9 bog bodies
  A redback (Vaults:4)
  8 air elementals
  8 water elementals
  2 tarantellas (Vaults:4)
  A yak (shapeshifter) (Vaults:4)
  A human (D:14)
  2 deep troll skeletons
  43 yaks
  6 shadows
  2 large abominations
  7 hogs (Swamp:1)
  3 spriggans
  7 wyverns
  2 neqoxecs
  18 vampire mosquitoes
  A fire elemental (Elf:1)
  2 chaos spawn (Orc:2)
  The ghost of KeeTraxx the Shield-Bearer, an amateur OpFi (D:3)
  67 nagas
  2 acid dragons
  2 wargs (Vaults:5)
  25 swamp worms
  5 insubstantial wisps (Swamp:3)
  11 water moccasins
  A floating eye (Depths:5)
  8 porcupines
  5 swamp drakes
  6 ice beasts
  4 sky beasts
  2 hornet zombies
  51 orc warriors
  2 phantoms
  2 eyes of draining
  33 ogres
  An ettin simulacrum (Vaults:4)
  7 boggarts
  27 centaurs
  12 crocodiles
  3 wolves (Lair:6)
  6 small abominations
  3 big kobolds (D:9)
  34 bullfrogs
  An earth elemental (Elf:2)
  7 scorpions
  5 killer bees (D:11)
  3 wights (D:8)
  6 electric eels
  12 crimson imps
  A quasit (D:14)
  4 howler monkeys
  3 bullfrog zombies
  40 orc priests
  29 orc wizards
  4 hounds
  Crazy Yiuf (D:7)
  A bullfrog skeleton (D:12)
  6 jellies
  6 centaur skeletons
  13 worker ants
  A worker ant zombie (D:11)
  3 gnolls (D:8)
  10 adders
  3 shadow imps
  A white imp (Zot:1)
  An ooze (D:2)
  An adder skeleton (D:6)
  3 adder zombies
  3 worms
  A dart slug (D:2)
  4 leopard geckos
  115 orcs
  4 bat skeletons (D:3)
  3 bat zombies (D:3)
  7 giant cockroaches
  5 goblins
  3 hobgoblins (D:2)
  10 jackals
  5 kobolds
  3 quokkas
  8 bats
  A frilled lizard (D:5)
  A leopard gecko skeleton (D:4)
  7 rats
  4 crawling corpses
  A fungus (Snake:4)
  6 plants
  2 withered plants (D:15)
2197 creatures vanquished.

Vanquished Creatures (collateral kills)
  A curse toe (Zot:4)
  A thorn hunter (Swamp:4)
  A death cob (Zot:4)
  A storm dragon (Zot:5)
  A shadow dragon (Vaults:5)
  A draconian annihilator (Zot:4)
  A deep elf high priest (Vaults:5)
  A hydra (Swamp:1)
  A naga warrior (Snake:2)
  A sun demon (Orc:2)
  A salamander mystic (Snake:2)
  A spriggan druid (Swamp:4)
  A gelid demonspawn (Orc:2)
  4 swamp dragons
  A deep elf archer (Vaults:5)
  An orc sorcerer (Orc:2)
  A black mamba (Snake:2)
  A guardian serpent (Snake:4)
  A spiny frog (Swamp:4)
  A troll (Orc:1)
  3 hornets (Swamp:4)
  3 spriggans (Swamp:4)
  A vampire mosquito (Swamp:4)
  2 orc warriors
  2 swamp drakes
  2 orcs
  A crawling corpse (Vaults:5)
37 creatures vanquished.

Vanquished Creatures (others)
  A very ugly thing (Vaults:5)
  An ice dragon (Depths:4)
  A hell knight (Depths:5)
  A spriggan druid (Swamp:3)
  A deep troll (Depths:2)
  A cyclops (Vaults:2)
  2 moths of wrath (Zot:5)
  2 deep elf magi
  A water elemental (Elf:1)
  An orc (D:10)
  5 briar patches (Swamp:4)
  8 fungi
  38 plants
63 creatures vanquished.

Grand Total: 2297 creatures vanquished

Notes
Turn   | Place    | Note
-------+----------+-------------------------------------------
     0 | D:1      | Ketzopolo the Minotaur Berserker began the quest for the Orb.
     0 | D:1      | Reached XP level 1. HP: 19/19 MP: 0/0
   702 | D:1      | Reached XP level 2. HP: 27/27 MP: 1/1
   918 | D:2      | Reached XP level 3. HP: 21/33 MP: 2/2
  1160 | D:2      | Reached skill level 5 in Axes
  1165 | D:2      | Reached ** piety under Trog
  1642 | D:3      | Reached XP level 4. HP: 41/41 MP: 3/3
  1770 | D:3      | Found a bloodstained altar of Trog.
  1776 | D:3      | Noticed KeeTraxx's ghost (amateur OpFi)
  1786 | D:3      | Killed KeeTraxx's ghost
  1786 | D:3      | Reached skill level 5 in Fighting
  1786 | D:3      | Reached XP level 5. HP: 48/48 MP: 4/4
  1983 | D:3      | Found an ancient bone altar of Kikubaaqudgha.
  2201 | D:3      | Reached XP level 6. HP: 53/56 MP: 5/5
  2479 | D:4      | Found an ornate altar of the Wu Jian Council.
  2493 | D:4      | Noticed a wyvern
  2502 | D:4      | Found a transporter.
  2516 | D:4      | Found a blossoming altar of Fedhas.
  2839 | D:4      | Noticed an orc warrior
  2851 | D:4      | Reached XP level 7. HP: 63/63 MP: 6/6
  2851 | D:4      | Reached *** piety under Trog
  2984 | D:4      | Found a staircase to the Ecumenical Temple.
  2997 | Temple   | Entered the Ecumenical Temple
  3235 | D:4      | Found a transporter.
  3862 | D:4      | Found a glowing silver altar of Zin.
  3948 | D:4      | Killed a wyvern
  4078 | D:5      | Entered Level 5 of the Dungeon
  4108 | D:5      | Reached XP level 8. HP: 69/73 MP: 7/7
  4388 | D:5      | Reached skill level 10 in Axes
  4408 | D:5      | Noticed Daviar's ghost (novice OgMo)
  4420 | D:5      | Killed Daviar's ghost
  4932 | D:5      | Found a sacrificial altar of Ru.
  5297 | D:6      | Noticed a komodo dragon
  5310 | D:6      | Reached XP level 9. HP: 82/82 MP: 8/8
  5313 | D:6      | Killed a komodo dragon
  5313 | D:6      | Reached **** piety under Trog
  5313 | D:6      | Reached skill level 5 in Armour
  5585 | D:6      | Reached skill level 5 in Dodging
  6169 | D:6      | Found a hazy altar of Hepliaklqana.
  6294 | D:7      | Found a runed door.
  6386 | D:7      | Noticed Pikel
  6393 | D:7      | Killed Pikel
  6393 | D:7      | Reached skill level 1 in Throwing
  6573 | D:7      | Noticed brew9's ghost (novice HOBe)
  6591 | D:7      | Killed brew9's ghost
  6591 | D:7      | Reached XP level 10. HP: 58/91 MP: 9/9
  7007 | D:7      | Noticed Prince Ribbit
  7259 | D:7      | Killed Prince Ribbit
  7518 | D:7      | Noticed Crazy Yiuf
  7521 | D:7      | Killed Crazy Yiuf
  7674 | D:8      | Noticed a two-headed ogre
  7683 | D:8      | Killed a two-headed ogre
  7962 | D:8      | Noticed a two-headed ogre
  7973 | D:8      | Killed a two-headed ogre
  7973 | D:8      | Reached skill level 10 in Fighting
  8152 | D:8      | Noticed Gastronok
  8167 | D:8      | Killed Gastronok
  8167 | D:8      | Reached XP level 11. HP: 82/101 MP: 10/10
  8443 | D:8      | Noticed a two-headed ogre
  8452 | D:8      | Killed a two-headed ogre
  9033 | D:8      | Reached ***** piety under Trog
  9134 | D:9      | Noticed a two-headed ogre
  9140 | D:9      | Killed a two-headed ogre
  9398 | D:9      | Reached skill level 5 in Throwing
  9428 | D:9      | Noticed a three-headed hydra
  9440 | D:9      | Killed a six-headed hydra
  9934 | D:9      | Noticed a deep elf mage
  9942 | D:9      | Killed a deep elf mage
 10209 | D:9      | Found a radiant altar of Vehumet.
 10209 | D:9      | Found a snail-covered altar of Cheibriados.
 10244 | D:9      | Found a staircase to the Lair.
 10353 | D:9      | Found a staircase to the Orcish Mines.
 10400 | D:10     | Entered Level 10 of the Dungeon
 10603 | D:10     | Noticed Erica
 10614 | D:10     | Killed Erica
 10614 | D:10     | Reached skill level 15 in Axes
 10614 | D:10     | Reached XP level 12. HP: 99/110 MP: 11/11
 11010 | D:10     | Identified a scroll of acquirement
 11011 | D:10     | Got a pair of dazzling boots
 11023 | D:10     | Identified the +2 pair of boots "Hopnaatza" {Int+4 Dex+2} (You acquired it on level 10 of the Dungeon)
 11078 | Lair:1   | Entered Level 1 of the Lair of Beasts
 11189 | Lair:1   | Received a gift from Trog
 11368 | Lair:1   | Noticed Fannar
 11386 | Lair:1   | Killed Fannar
 11962 | Lair:2   | Reached skill level 10 in Armour
 12321 | Lair:2   | Noticed a catoblepas
 12332 | Lair:2   | Killed a catoblepas
 13189 | Lair:3   | Reached XP level 13. HP: 64/118 MP: 12/12
 15152 | Lair:4   | Reached skill level 10 in Dodging
 15253 | Lair:4   | Found a staircase to the Snake Pit.
 15780 | Lair:4   | Found a staircase to the Swamp.
 16414 | Lair:5   | Found a dark tunnel.
 16421 | Volcano  | Entered a volcano
 16441 | Volcano  | Noticed a red draconian
 16455 | Volcano  | Killed a red draconian
 16838 | Volcano  | Received a gift from Trog
 17333 | Lair:6   | Entered Level 6 of the Lair of Beasts
 17514 | Lair:6   | Reached XP level 14. HP: 129/129 MP: 13/13
 18369 | Lair:6   | Received a gift from Trog
 18381 | Lair:6   | Found a runed door.
 18385 | Lair:6   | Found a viscous altar of Jiyva.
 18388 | Lair:6   | Noticed an azure jelly
 18412 | Lair:6   | Found a staircase to the Slime Pits.
 18418 | Lair:6   | Killed an azure jelly
 18555 | Lair:6   | Received a gift from Trog
 18675 | Lair:6   | Got a crude diamond amulet
 19080 | Orc:1    | Entered Level 1 of the Orcish Mines
 19087 | Orc:1    | Received a gift from Trog
 19094 | Orc:1    | Reached ****** piety under Trog
 19194 | Orc:2    | Entered Level 2 of the Orcish Mines
 19194 | Orc:2    | Found a staircase to the Elven Halls.
 19204 | Orc:2    | Found Ciuzoeh's Antique Armour Emporium.
 19210 | Orc:2    | Received a gift from Trog
 19220 | Orc:2    | Found Ahofevuwk's Magic Scroll Emporium.
 19246 | Orc:1    | Received a gift from Trog
 19352 | Orc:1    | Found Cukorruniuth's General Store.
 19355 | Orc:1    | Bought 2 potions of curing for 84 gold pieces
 19355 | Orc:1    | Bought a scroll of teleportation for 42 gold pieces
 19355 | Orc:1    | Bought a scroll of identify for 28 gold pieces
 19421 | Orc:2    | Bought a scroll of blinking for 120 gold pieces
 19421 | Orc:2    | Bought 2 scrolls of enchant armour for 240 gold pieces
 19421 | Orc:2    | Bought a scroll of identify for 32 gold pieces
 19421 | Orc:2    | Bought a scroll of identify for 32 gold pieces
 19421 | Orc:2    | Bought a scroll of teleportation for 48 gold pieces
 19452 | Orc:2    | Found Torhuni's General Store.
 19454 | Orc:2    | Found Busanur's Magic Scroll Shop.
 19684 | Orc:2    | Bought a scroll of fog for 22 gold pieces
 19684 | Orc:2    | Bought a scroll of teleportation for 33 gold pieces
 19687 | Orc:2    | Identified the amulet "Nyeddiakko" {+Rage MR+ Dex+5} (You found it on level 6 of the Lair of Beasts)
 19688 | Orc:2    | Bought a scroll of identify for 22 gold pieces
 19688 | Orc:2    | Bought a scroll of identify for 22 gold pieces
 19696 | Orc:2    | Bought a potion of resistance for 130 gold pieces
 19696 | Orc:2    | Bought a potion of curing for 39 gold pieces
 20094 | Orc:2    | Received a gift from Trog
 20095 | Orc:2    | Found Eweawym's Gadget Shoppe.
 20095 | Orc:2    | Found Kipinet's Antique Weapon Emporium.
 20097 | Orc:2    | Found a one-way gate leading to the halls of Pandemonium.
 20176 | Orc:2    | Found Womusargh's Food Shop.
 20197 | Orc:2    | Found Warelawu's Armour Shop.
 20448 | Orc:1    | Received a gift from Trog
 20941 | D:11     | Reached XP level 15. HP: 137/139 MP: 14/14
 21537 | D:12     | Received a gift from Trog
 21772 | D:12     | Found Wianliuc's Magic Scroll Shop.
 21776 | D:12     | Bought a scroll of enchant weapon for 135 gold pieces
 21776 | D:12     | Bought a scroll of enchant weapon for 135 gold pieces
 22530 | D:13     | Received a gift from Trog
 22722 | D:13     | Received a gift from Trog
 23070 | D:13     | Reached skill level 10 in Throwing
 23358 | D:14     | Reached skill level 15 in Fighting
 23507 | D:14     | Noticed Rupert
 23513 | D:14     | Killed Rupert
 23593 | D:14     | Noticed Agnes
 23600 | D:14     | Killed Agnes
 23858 | D:14     | Found a gate to the Vaults.
 24057 | D:15     | Entered Level 15 of the Dungeon
 24236 | D:15     | Received a gift from Trog
 24386 | D:15     | Found Aratier's Magic Scroll Boutique.
 24427 | D:15     | Bought a scroll of blinking for 120 gold pieces
 24427 | D:15     | Bought a scroll of enchant armour for 120 gold pieces
 24427 | D:15     | Bought a scroll of magic mapping for 56 gold pieces
 24427 | D:15     | Bought a scroll of teleportation for 48 gold pieces
 24427 | D:15     | Bought a scroll of enchant armour for 120 gold pieces
 24427 | D:15     | Bought a scroll of teleportation for 48 gold pieces
 24692 | D:15     | Reached XP level 16. HP: 141/150 MP: 15/15
 24712 | D:15     | Found a staircase to the Depths.
 25608 | Swamp:1  | Entered Level 1 of the Swamp
 25755 | Swamp:1  | Noticed Kirke
 25768 | Swamp:1  | Killed Kirke
 26497 | Elf:1    | Entered Level 1 of the Elven Halls
 27599 | Swamp:1  | Found a radiant altar of Vehumet.
 27969 | Swamp:2  | Received a gift from Trog
 28047 | Swamp:2  | Noticed a thorn hunter
 28060 | Swamp:2  | Killed a thorn hunter
 29325 | Swamp:3  | Noticed a thorn hunter
 29333 | Swamp:3  | Killed a thorn hunter
 29718 | Swamp:4  | Entered Level 4 of the Swamp
 29731 | Swamp:4  | Received a gift from Trog
 29809 | Swamp:4  | Noticed a thorn hunter
 29834 | Swamp:4  | Killed a thorn hunter
 30277 | Swamp:4  | Noticed Nattefrost's ghost (adept OgBe)
 30298 | Swamp:4  | Killed Nattefrost's ghost
 30899 | Swamp:4  | Noticed melvinkitnick's ghost (adept HOFi)
 30919 | Swamp:4  | Killed melvinkitnick's ghost
 31517 | Swamp:4  | Noticed the 27-headed Lernaean hydra
 32045 | Swamp:4  | Reached XP level 17. HP: 160/160 MP: 5/16
 32140 | Swamp:4  | Got a decaying rune of Zot
 32361 | Swamp:4  | Killed the 27-headed Lernaean hydra
 32656 | Swamp:4  | Received a gift from Trog
 33197 | Snake:1  | Entered Level 1 of the Snake Pit
 33305 | Snake:1  | Received a gift from Trog
 33503 | Snake:1  | Reached skill level 15 in Armour
 34083 | Snake:2  | Noticed RexLacerta's ghost (journeyman SpAs)
 34227 | Snake:2  | Killed RexLacerta's ghost
 35213 | Snake:2  | Found Jauqiupn's General Store.
 36148 | Snake:3  | Received a gift from Trog
 37229 | Snake:3  | Reached XP level 18. HP: 130/171 MP: 17/17
 37939 | Snake:4  | Entered Level 4 of the Snake Pit
 38509 | Snake:4  | Received a gift from Trog
 40454 | Snake:4  | Received a gift from Trog
 41116 | Snake:4  | Reached skill level 15 in Dodging
 41616 | Snake:4  | Got a serpentine rune of Zot
 42065 | Vaults:1 | Entered Level 1 of the Vaults
 42206 | Vaults:1 | Noticed a tentacled monstrosity
 42214 | Vaults:1 | Killed a tentacled monstrosity
 42323 | Vaults:1 | Reached XP level 19. HP: 181/181 MP: 18/18
 42513 | Vaults:1 | Received a gift from Trog
 42746 | Vaults:1 | Received a gift from Trog
 43489 | Vaults:2 | Received a gift from Trog
 44688 | Vaults:2 | Noticed Nikola
 44727 | Vaults:2 | Killed Nikola
 45036 | Vaults:2 | Received a gift from Trog
 45389 | Vaults:2 | Found a staircase to the Crypt.
 45389 | Vaults:2 | Found an ancient bone altar of Kikubaaqudgha.
 45390 | Vaults:2 | Found a basalt altar of Yredelemnul.
 47244 | Vaults:3 | Received a gift from Trog
 47470 | Vaults:3 | Reached XP level 20. HP: 183/193 MP: 19/19
 48383 | Vaults:4 | Received a gift from Trog
 49315 | Vaults:4 | Received a gift from Trog
 49334 | Vaults:4 | Got an encrusted battleaxe {god gift}
 49335 | Vaults:4 | Identified the +12 battleaxe "Ebliegal" {freeze, rF+} (Trog gifted it to you on level 4 of the Vaults)
 50940 | Elf:1    | Received a gift from Trog
 51269 | Elf:1    | Found Pyirhad's Food Boutique.
 51860 | Elf:2    | Received a gift from Trog
 51912 | Elf:2    | Reached XP level 21. HP: 190/204 MP: 20/20
 52100 | Elf:2    | Found a runed gate.
 52100 | Elf:2    | Found a runed gate.
 52102 | Elf:2    | Found a runed gate.
 52550 | Elf:2    | Noticed Regeox's ghost (adept HOFi)
 52587 | Elf:2    | Killed Regeox's ghost
 53129 | Elf:3    | Entered Level 3 of the Elven Halls
 53138 | Elf:3    | Found Rabor's Jewellery Shop.
 53154 | Elf:3    | Bought an uncursed amulet of regeneration for 360 gold pieces
 53198 | Elf:3    | Received a gift from Trog
 53883 | Depths:1 | Entered Level 1 of the Depths
 54074 | Depths:1 | Found a gateway to Hell.
 54158 | Depths:1 | Received a gift from Trog
 54382 | Depths:1 | Received a gift from Trog
 54614 | Depths:1 | Found a shattered altar of Ashenzari.
 55045 | Depths:1 | Found a corrupted altar of Lugonu.
 55045 | Depths:1 | Found a one-way gate to the infinite horrors of the Abyss.
 55415 | Depths:2 | Reached XP level 22. HP: 195/214 MP: 21/21
 55423 | Depths:2 | Received a gift from Trog
 55441 | Depths:2 | Reached skill level 15 in Throwing
 55581 | Depths:2 | Received a gift from Trog
 55585 | Depths:2 | Noticed a caustic shrike
 55592 | Depths:2 | Killed a caustic shrike
 55779 | Depths:2 | Received a gift from Trog
 56050 | Depths:2 | Found a gateway to a ziggurat.
 56265 | Depths:2 | Noticed Louise
 56272 | Depths:2 | Killed Louise
 56272 | Depths:2 | Received a gift from Trog
 57401 | Depths:3 | Gained mutation: You occasionally shout uncontrollably at your foes. [a cacodemon]
 57422 | Depths:3 | Got a pair of smoking gloves
 57433 | Depths:3 | Identified the +0 pair of gloves of Qazlal's Scorn {rN+ Stlth+} (You acquired it on level 3 of the Depths)
 57550 | Depths:4 | Noticed a juggernaut
 57567 | Depths:4 | Killed a juggernaut
 57663 | Depths:4 | Received a gift from Trog
 57911 | Depths:4 | Reached XP level 23. HP: 218/226 MP: 22/22
 57914 | Depths:4 | Noticed a juggernaut
 57947 | Depths:4 | Killed a juggernaut
 57947 | Depths:4 | Received a gift from Trog
 58739 | Depths:5 | Entered Level 5 of the Depths
 58769 | Depths:5 | Noticed Jorgrun
 58779 | Depths:5 | Killed Jorgrun
 58865 | Depths:5 | Received a gift from Trog
 58866 | Depths:5 | Found the +8 frozen axe "Frostbite" {freezing cloud, *Noise +Fly rC+}
 58881 | Depths:5 | Found a gate to the Realm of Zot.
 59139 | Depths:5 | Noticed Sojobo
 59374 | Depths:5 | Killed Sojobo
 59561 | Depths:5 | Paralysed by a floating eye for 2 turns
 59570 | Depths:5 | Received a gift from Trog
 60071 | Depths:5 | Noticed Mennas
 60098 | Depths:5 | Killed Mennas
 60887 | Vaults:5 | Entered Level 5 of the Vaults
 60906 | Vaults:5 | Reached XP level 24. HP: 184/240 MP: 22/22
 60920 | Vaults:5 | Found the amulet of the Four Winds {rN+ MR+++ Clar}
 60927 | Vaults:5 | Got a silver rune of Zot
 61023 | Vaults:5 | Received a gift from Trog
 61236 | Vaults:5 | Received a gift from Trog
 61695 | Vaults:5 | Noticed an ancient lich
 61716 | Vaults:5 | Received a gift from Trog
 61723 | Vaults:5 | Killed an ancient lich
 62225 | Vaults:5 | Received a gift from Trog
 62543 | Vaults:5 | Got a twitching lead ring
 63181 | Vaults:5 | Found Ariut's Distillery.
 63188 | Vaults:5 | Got a twisted cloak
 63189 | Vaults:5 | Identified the cursed -1 cloak of Xynufetem {Dex+5} (You found it on level 5 of the Vaults)
 63190 | Vaults:5 | Identified the ring "Iffa" {*Drain rElec Dex+5 Stlth-} (You took it off a vault warden on level 5 of the Vaults)
 63197 | Vaults:5 | Bought a potion of heal wounds for 65 gold pieces
 63197 | Vaults:5 | Bought a potion of invisibility for 104 gold pieces
 63197 | Vaults:5 | Bought 2 potions of cancellation for 208 gold pieces
 63197 | Vaults:5 | Bought a potion of invisibility for 104 gold pieces
 63197 | Vaults:5 | Bought a potion of agility for 52 gold pieces
 63197 | Vaults:5 | Bought a potion of agility for 52 gold pieces
 63314 | Vaults:5 | Got a vibrating lapis lazuli ring
 63430 | Vaults:5 | Identified the ring "Losuag" {rPois rF+++ MR+ Int+2 Dex-3} (You took it off a deep elf high priest on level 5 of the Vaults)
 63913 | Zot:1    | Entered Level 1 of the Realm of Zot
 63937 | Zot:1    | Noticed an orb of fire
 63948 | Zot:1    | Killed an orb of fire
 64398 | Zot:1    | Reached XP level 25. HP: 255/255 MP: 22/22
 64954 | Zot:2    | Noticed an orb of fire
 64964 | Zot:2    | Gained mutation: You are weak. (Str -2) [an orb of fire]
 64981 | Zot:2    | Gained mutation: Armour fits poorly on your strangely shaped body. [an orb of fire]
 64983 | Zot:2    | Killed an orb of fire
 65448 | Zot:2    | Reached skill level 27 in Fighting
 65463 | Zot:2    | Received a gift from Trog
 66001 | Zot:2    | Received a gift from Trog
 66299 | Zot:3    | Noticed an orb of fire
 66508 | Zot:3    | Lost mutation: You occasionally shout uncontrollably at your foes. [an orb of fire]
 66509 | Zot:3    | Gained mutation: You possess an exceptional clarity of mind. [an orb of fire]
 66518 | Zot:3    | Killed an orb of fire
 67134 | Zot:3    | Noticed an orb of fire
 67146 | Zot:3    | Killed an orb of fire
 67409 | Zot:4    | Reached XP level 26. HP: 159/266 MP: 0/22
 67745 | Zot:4    | Received a gift from Trog
 68821 | Zot:5    | Entered Level 5 of the Realm of Zot
 69291 | Zot:5    | Noticed an orb of fire
 69303 | Zot:5    | Killed an orb of fire
 69731 | Zot:5    | Noticed an orb of fire
 69731 | Zot:5    | Gained mutation: You are clumsy. (Dex -2) [an orb of fire]
 69731 | Zot:5    | Gained mutation: You are frail. (-10% HP) [an orb of fire]
 69733 | Zot:5    | Gained mutation: Your magical capacity is low. (-10% MP) [an orb of fire]
 69735 | Zot:5    | Gained mutation: Your magical capacity is very low. (-20% MP) [an orb of fire]
 69738 | Zot:5    | Noticed an orb of fire
 69744 | Zot:5    | Gained mutation: You are occasionally teleported next to monsters. [an orb of fire]
 69750 | Zot:5    | Gained mutation: You expend magic power (3 MP) to strengthen your wands. [an orb of fire]
 70050 | Zot:5    | Gained mutation: You are very frail. (-20% HP) [an orb of fire]
 70054 | Zot:5    | Gained mutation: Scrolls take you a little longer to read. [an orb of fire]
 70056 | Zot:5    | Killed an orb of fire
 70063 | Zot:5    | Gained mutation: Scrolls take you longer to read. [an orb of fire]
 70063 | Zot:5    | Gained mutation: Scrolls take you much longer to read. [an orb of fire]
 70065 | Zot:5    | Killed an orb of fire
 70078 | Zot:5    | Lost mutation: You are weak. (Str -2) [potion of mutation]
 70078 | Zot:5    | Lost mutation: Scrolls take you much longer to read. [potion of mutation]
 70078 | Zot:5    | Lost mutation: Scrolls take you longer to read. [potion of mutation]
 70078 | Zot:5    | Gained mutation: Your spells are a little easier to cast, but a little less powerful. [potion of mutation]
 70078 | Zot:5    | Gained mutation: Your body sometimes deteriorates upon taking damage. [potion of mutation]
 70078 | Zot:5    | Gained mutation: Your flesh is heat resistant. (rF+) [potion of mutation]
 70079 | Zot:5    | Lost mutation: You are very frail. (-20% HP) [potion of mutation]
 70079 | Zot:5    | Lost mutation: Armour fits poorly on your strangely shaped body. [potion of mutation]
 70079 | Zot:5    | Gained mutation: You are resistant to hostile enchantments. (MR+) [potion of mutation]
 70262 | Zot:5    | Lost mutation: Your spells are a little easier to cast, but a little less powerful. [potion of mutation]
 70262 | Zot:5    | Lost mutation: Your magical capacity is very low. (-20% MP) [potion of mutation]
 70262 | Zot:5    | Lost mutation: Your magical capacity is low. (-10% MP) [potion of mutation]
 70262 | Zot:5    | Lost mutation: You are clumsy. (Dex -2) [potion of mutation]
 70262 | Zot:5    | Lost mutation: Your body sometimes deteriorates upon taking damage. [potion of mutation]
 70262 | Zot:5    | Gained mutation: You are clumsy. (Dex -2) [potion of mutation]
 70262 | Zot:5    | Gained mutation: You have large cloven feet. [potion of mutation]
 70341 | Zot:5    | Noticed an orb of fire
 70345 | Zot:5    | Gained mutation: Your body sometimes deteriorates upon taking damage. [an orb of fire]
 70354 | Zot:5    | Noticed an orb of fire
 70354 | Zot:5    | Killed an orb of fire
 70370 | Zot:5    | Killed an orb of fire
 70377 | Zot:5    | Noticed an orb of fire
 70387 | Zot:5    | Killed an orb of fire
 70387 | Zot:5    | Received a gift from Trog
 70387 | Zot:5    | Reached skill level 27 in Axes
 70387 | Zot:5    | Reached XP level 27. HP: 173/245 MP: 22/22
 70393 | Zot:5    | Noticed an orb of fire
 70394 | Zot:5    | Gained mutation: Armour fits poorly on your strangely shaped body. [an orb of fire]
 70408 | Zot:5    | Lost mutation: You possess an exceptional clarity of mind. [an orb of fire]
 70417 | Zot:5    | Killed an orb of fire
 70423 | Zot:5    | Noticed an orb of fire
 70428 | Zot:5    | Gained mutation: You are dopey. (Int -2) [an orb of fire]
 70435 | Zot:5    | Lost mutation: Armour fits poorly on your strangely shaped body. [an orb of fire]
 70444 | Zot:5    | Killed an orb of fire
 70448 | Zot:5    | Noticed an orb of fire
 70458 | Zot:5    | Noticed an orb of fire
 70461 | Zot:5    | Killed an orb of fire
 70462 | Zot:5    | Noticed an orb of fire
 70476 | Zot:5    | Gained mutation: Your spells are a little easier to cast, but a little less powerful. [an orb of fire]
 70482 | Zot:5    | Gained mutation: Your body often deteriorates upon taking damage. [an orb of fire]
 70494 | Zot:5    | Gained mutation: Scrolls take you longer to read. [an orb of fire]
 70501 | Zot:5    | Gained mutation: Armour fits poorly on your strangely shaped body. [an orb of fire]
 70506 | Zot:5    | Gained mutation: You are weak. (Str -2) [an orb of fire]
 70847 | Zot:5    | Gained mutation: You are very frail. (-20% HP) [an orb of fire]
 70851 | Zot:5    | Gained mutation: You are very dopey. (Int -4) [an orb of fire]
 70862 | Zot:4    | Killed an orb of fire
 70863 | Zot:4    | Killed an orb of fire
 70918 | Zot:5    | Reached skill level 27 in Armour
 70985 | Zot:5    | Noticed an orb of fire
 70987 | Zot:5    | Noticed an orb of fire
 70996 | Zot:5    | Killed an orb of fire
 71000 | Zot:5    | Gained mutation: Potions are less effective at restoring your health. [an orb of fire]
 71001 | Zot:5    | Killed an orb of fire
 71595 | Zot:5    | Got the Orb of Zot
 71948 | D:14     | Noticed a seraph
 71976 | D:14     | Noticed a seraph
 72030 | D:14     | HP: 2/218 [seraph/great sword of flaming (32)]
 72030 | D:14     | Slain by a seraph

Vault maps used:
D:1:      mrwooster_arrival_statue_2
D:3:      kb_forest_paths, kennysheep_vampire_church, lemuel_doored_altar,
          minmay_misc_feat_diagonals
D:4:      gammafunk_temple_overflow_arena, lemuel_round_altar,
          minmay_temple_entry_statues_fountains,
          hangedman_decor_clover_reticule, minmay_misc_feat_tiny,
          fedhas_bush_and_centaur_altar
D:5:      basic_altar, first_bread, kennysheep_generic_room_12
D:6:      lemuel_coloured_pillars_altar, grunt_potential
D:7:      uniq_crazy_yiuf_cottage, uniq_prince_ribbit1, uniq_pikel
D:8:      uniq_gastronok
D:9:      amethyst_overflow_temple_binary, grunt_lair_entry_orc_guard_hut,
          erik_orc_2, hangedman_ranch, minmay_librarian
D:10:     lemuel_upstairs_altar, uniq_erica
D:12:     serial_shops, shop
D:13:     lemuel_another_geyser
D:14:     grunt_vaults_entry_fortified, uniq_rupert, uniq_agnes
D:15:     gammafunk_depths_entry_grave, serial_shops, nicolae_shop_stone,
          spider_trap
Temple:   regret_index_temple_generic_petals
Lair:1:   lemuel_fruit_fields, uniq_fannar
Lair:2:   nicolae_quartered_pool_medium, infiniplex_staircase_pool
Lair:3:   grunt_megastairs_1
Lair:4:   nicolae_swamp_entry_splash_gauntlet, dummy_snake_entry
Lair:5:   nicolae_volcano_entry_hallway, lemuel_fruit_fields,
          serial_bayou_shore_b
Lair:6:   minmay_lair_end_frog_pond, slime_altar_2,
          portal_ice_cave_entry_pillars_2
Swamp:1:  nicolae_swamp_godswood, uniq_kirke
Swamp:2:  evilmike_swamp_ruin_house_4, swamp_pool2
Swamp:3:  serial_swamp_ruin, evilmike_swamp_ruin_house_5,
          evilmike_swamp_ruin_rubble_1
Swamp:4:  swamp_vile, swamp_pool2
Snake:1:  serial_bayou_pond_b
Snake:2:  serial_shops, shop
Snake:4:  grunt_snake_rune_pools, st_stairs_8, grunt_ministairs_7, spider_trap,
          lemuel_fruit_tree, serial_bayou_shore_a
Orc:1:    serial_shops, nicolae_shop_behind_doors, statue_in_the_mist_lemuel
Orc:2:    pf_orc_diabolical, serial_shops, shop, shop, shop,
          nicolae_shop_behind_doors
Elf:1:    elf_arrival_001, special_room, serial_shops, shop_fountains,
          hangedman_elf_represent, nicolae_elf_glass_and_crystal_pillar_1,
          nicolae_elf_big_sculpture_1
Elf:3:    minmay_elf_hall_quartered_circle, serial_shops, shop,
          nicolae_shop_waterfront
Vaults:1: vaults_standard_mumra_x, nicolae_vaults_circle_grid_b,
          hangedman_vaults_impose, nicolae_vaults_sealed_display,
          nicolae_vaults_circle_grid_b, v_misc_18, v_pattern_1,
          ontoclasm_vaults_loading_screen, nicolae_vaults_alarming,
          grunt_vaults_hallway_short, ontoclasm_vaults_eye
Vaults:2: minmay_crypt_entry_necro_gods, grunt_vaults_hallway_short, v_misc_29,
          v_rooms_5, vaults_room_semicircle, nicolae_vaults_puzzle_piece,
          ontoclasm_vaults_loading_screen, v_misc_28, v_alt_pattern_5,
          vaults_dpeg_diagonal, uniq_nikola
Vaults:3: ontoclasm_vaults_loading_screen, v_rooms_4, v_misc_2
Vaults:4: v_rooms_6, nicolae_vaults_mini_display_case, v_misc_18,
          vaults_room_fours, vaults_standard_mumra_enter_the_diamond,
          vaults_mumra_chevron, v_rooms_1, st_smaller_cells,
          nicolae_vaults_ring_of_whatevers, ontoclasm_vaults_idyll,
          vaults_room_pools, nicolae_vaults_little_squares_5, v_misc_15
Vaults:5: serial_shops
Depths:1: ashenzari_altar_1, pan_entry, grunt_mini_vestibule,
          abyss_entry_flame_altar, kennysheep_dice, kennysheep_random_hallway
Depths:2: thingy_vault, enter_ziggurat_b, serial_sigils_hangedman_gnaw,
          hell_entry, nicolae_abyss_entry_one_way_or_another,
          rand_demon_pan_entry_4, infiniplex_staircase_spiral_double,
          grunt_megastairs_3
Depths:3: minmay_skeletal_surprise, pf_vacation_house_of_asmodeus,
          rand_demon_pan_entry_9, abyss_entry, minmay_holes,
          infiniplex_staircase_x
Depths:4: kennysheep_four_of_diamonds, abyss_entry, grunt_pan_entry_zigzag,
          hell_entry, minivault_16, grunt_decor_fettered, minmay_hedge_maze,
          corexii_corridor_pit, firewood_loft
Depths:5: grunt_crosshair, hell_entry, uniq_mennas, uniq_sojobo, uniq_jorgrun
Zot:2:    kennysheep_spiral_hall, zot_minivault_1
Zot:3:    hangedman_zot_decor_slant, grunt_ministairs_8
Volcano:  volcano_pools

Skill      XL: |  1  2  3  4  5  6  7  8  9 10 11 12 13 14 15 16 17 18 19 20 21 22 23 24 25 26 27 |
---------------+----------------------------------------------------------------------------------+-----
Axes           | 4 5 6 7 8 9 11 12 13 15 16 17 18 19 20 22 23 24 26 27 | 27.0
Fighting       | 4 5 6 7 8 9 10 11 12 13 14 15 16 17 18 20 21 23 24 26 27 | 27.0
Armour         | 4 6 7 9 10 11 12 13 14 15 16 17 18 19 20 22 23 25 26 27 | 27.0
Dodging        | 4 5 7 8 9 10 11 12 13 14 15 16 19 20 23 | 23.3
Throwing       | 2 4 5 7 8 9 10 11 12 13 14 16 | 16.0

Action                   |  1- 3 |  4- 6 |  7- 9 | 10-12 | 13-15 | 16-18 | 19-21 | 22-24 | 25-27 || total
-------------------------+-------+-------+-------+-------+-------+-------+-------+-------+-------++-------
Melee: Hand axe          |    66 |   102 |     9 |       |       |       |       |       |       ||   177
       Headbutt          |    10 |    10 |    33 |    87 |   198 |   191 |   275 |   297 |   261 ||  1362
       War axe           |       |       |   140 |    94 |       |       |       |       |       ||   234
       Battleaxe         |       |       |       |   281 |   565 |       |       |       |       ||   846
       Executioner's axe |       |       |       |       |   253 |   819 |  1086 |   982 |   835 ||  3975
       Great mace        |       |       |       |       |    11 |    34 |       |       |       ||    45
Throw: Tomahawk          |       |       |       |    14 |    23 |   373 |     8 |       |       ||   418
       Javelin           |       |       |       |       |       |    37 |    51 |    22 |    40 ||   150
       Throwing net      |       |       |       |       |       |     2 |       |       |       ||     2
Invok: Berserk           |     2 |     3 |     3 |     6 |    12 |     9 |     5 |     1 |     1 ||    42
       Burn Spellbooks   |       |     1 |     2 |     3 |     5 |     3 |     2 |     5 |     3 ||    24
       Trog's Hand       |       |     1 |       |     2 |     4 |     4 |     6 |     4 |     5 ||    26
       Brothers in Arms  |       |       |       |       |     3 |    13 |     1 |     3 |     9 ||    29
Evoke: Wand              |       |       |       |     6 |     8 |     1 |     1 |       |    10 ||    26
       Fan of gales      |       |       |       |       |       |       |       |     1 |       ||     1
  Use: Scroll            |       |       |    15 |     9 |    26 |    10 |     5 |    25 |    11 ||   101
       Potion            |       |       |       |       |       |    11 |       |     4 |    24 ||    39
 Stab: Petrified         |       |       |       |     1 |       |       |       |       |       ||     1
       Distracted        |       |       |       |       |       |       |       |     1 |     1 ||     2
  Eat: Chunk             |     4 |     5 |     8 |    23 |    49 |    47 |    36 |    15 |     4 ||   191
       Royal jelly       |       |       |     1 |       |       |       |       |       |     1 ||     2
       Meat ration       |       |       |     1 |     1 |       |     1 |       |     3 |     4 ||    10
       Fruit             |       |       |       |       |    11 |    23 |     5 |     2 |     1 ||    42
       Bread ration      |       |       |       |       |       |       |       |     1 |       ||     1
Armor: Chain mail        |    33 |    60 |     2 |       |       |       |       |       |       ||    95
       Plate armour      |       |       |    81 |   175 |    65 |       |       |       |       ||   321
       Crystal plate arm |       |       |       |       |   625 |   924 |   735 |   767 |   513 ||  3564
Dodge: Dodged            |    37 |    39 |    66 |   196 |   454 |   565 |   573 |   542 |   500 ||  2972

Table legend:
 A = Spawn XP
 B = Non-spawn XP
 C = Spawn XP percentage of total XP
 D = Spawn monster count
 E = Non-spawn monster count
 F = Spawn count percentage of total count
 G = Total turns spent on level
                    A         B        C        D         E        F      G
               +---------+---------+-------+---------+---------+-------+---------
         Total |       0 | 1640272 |   0.0 |       0 |    2224 |   0.0 | 72030
               +---------+---------+-------+---------+---------+-------+---------
           D:1 |       0 |      13 |   0.0 |       0 |       7 |   0.0 |   857
           D:2 |       0 |      71 |   0.0 |       0 |      22 |   0.0 |   551
           D:3 |       0 |     328 |   0.0 |       0 |      34 |   0.0 |   995
           D:4 |       0 |     949 |   0.0 |       0 |      25 |   0.0 |  1453
           D:5 |       0 |    1326 |   0.0 |       0 |      19 |   0.0 |  1190
           D:6 |       0 |    1796 |   0.0 |       0 |      28 |   0.0 |  1014
           D:7 |       0 |    2326 |   0.0 |       0 |      16 |   0.0 |  1299
           D:8 |       0 |    6324 |   0.0 |       0 |      31 |   0.0 |  1553
           D:9 |       0 |    7247 |   0.0 |       0 |      58 |   0.0 |  1793
          D:10 |       0 |    2656 |   0.0 |       0 |      15 |   0.0 |  1082
          D:11 |       0 |    5870 |   0.0 |       0 |      41 |   0.0 |   947
          D:12 |       0 |    3186 |   0.0 |       0 |      18 |   0.0 |  1011
          D:13 |       0 |    8150 |   0.0 |       0 |      35 |   0.0 |   923
          D:14 |       0 |   21740 |   0.0 |       0 |      38 |   0.0 |  1527
          D:15 |       0 |   19903 |   0.0 |       0 |      51 |   0.0 |  1358
        Lair:1 |       0 |    6533 |   0.0 |       0 |      29 |   0.0 |  1199
        Lair:2 |       0 |    4493 |   0.0 |       0 |      20 |   0.0 |  1183
        Lair:3 |       0 |   10512 |   0.0 |       0 |      33 |   0.0 |  2149
        Lair:4 |       0 |    4903 |   0.0 |       0 |      25 |   0.0 |  1758
        Lair:5 |       0 |    1359 |   0.0 |       0 |       7 |   0.0 |  1180
        Lair:6 |       0 |   24105 |   0.0 |       0 |      85 |   0.0 |  1206
       Swamp:1 |       0 |   12193 |   0.0 |       0 |      28 |   0.0 |  1169
       Swamp:2 |       0 |    7369 |   0.0 |       0 |      17 |   0.0 |   789
       Swamp:3 |       0 |   11472 |   0.0 |       0 |      28 |   0.0 |  2107
       Swamp:4 |       0 |   40645 |   0.0 |       0 |      73 |   0.0 |  2301
       Snake:1 |       0 |   12761 |   0.0 |       0 |      30 |   0.0 |  1380
       Snake:2 |       0 |   25865 |   0.0 |       0 |      50 |   0.0 |  1150
       Snake:3 |       0 |   23828 |   0.0 |       0 |      45 |   0.0 |  2504
       Snake:4 |       0 |   64180 |   0.0 |       0 |     111 |   0.0 |  3591
         Orc:1 |       0 |    1832 |   0.0 |       0 |      39 |   0.0 |   417
         Orc:2 |       0 |   18015 |   0.0 |       0 |      97 |   0.0 |  1367
         Elf:1 |       0 |   25430 |   0.0 |       0 |      49 |   0.0 |  1582
         Elf:2 |       0 |   43453 |   0.0 |       0 |      55 |   0.0 |  1891
         Elf:3 |       0 |   22591 |   0.0 |       0 |      23 |   0.0 |   208
      Vaults:1 |       0 |   41242 |   0.0 |       0 |      65 |   0.0 |  1647
      Vaults:2 |       0 |   56226 |   0.0 |       0 |      90 |   0.0 |  2627
      Vaults:3 |       0 |   25535 |   0.0 |       0 |      38 |   0.0 |  1552
      Vaults:4 |       0 |   64572 |   0.0 |       0 |      89 |   0.0 |  1904
      Vaults:5 |       0 |  179014 |   0.0 |       0 |     156 |   0.0 |  2741
      Depths:1 |       0 |   51055 |   0.0 |       0 |      64 |   0.0 |  1569
      Depths:2 |       0 |   91172 |   0.0 |       0 |     100 |   0.0 |  1522
      Depths:3 |       0 |   39188 |   0.0 |       0 |      46 |   0.0 |   738
      Depths:4 |       0 |   41225 |   0.0 |       0 |      31 |   0.0 |  1064
      Depths:5 |       0 |   94758 |   0.0 |       0 |      58 |   0.0 |  1308
         Zot:1 |       0 |   34769 |   0.0 |       0 |      15 |   0.0 |  1106
         Zot:2 |       0 |   80671 |   0.0 |       0 |      39 |   0.0 |  1133
         Zot:3 |       0 |   60555 |   0.0 |       0 |      21 |   0.0 |  1350
         Zot:4 |       0 |   86969 |   0.0 |       0 |      46 |   0.0 |  2140
         Zot:5 |       0 |  244145 |   0.0 |       0 |      78 |   0.0 |  2186
       Volcano |       0 |    5752 |   0.0 |       0 |       6 |   0.0 |   537
               +---------+---------+-------+---------+---------+-------+---------
